 Dungeon Crawl Stone Soup version 0.14-a0-1721-g84c87b2 (webtiles) character file.

32 Moondog the Magician (level 2, -1/15 HPs)
             Began as a Deep Elf Wizard on Jan 2, 2014.
             Slain by a centaur skeleton (4 damage)
             ... on Level 1 of the Dungeon.
             The game lasted 00:05:58 (1015 turns).

Moondog the Magician (Deep Elf Wizard)              Turns: 1015, Time: 00:05:58

HP  -1/15        AC  2     Str  4      XL: 2   Next: 75%
MP   2/11        EV 12     Int 27      God:
Gold 9           SH  0     Dex 13      Spells:  2 memorised,  8 levels left

rFire  . . .     SeeInvis .     l - +1,+0 elf dagger
rCold  . . .     Clarity  .     a - +0 elf robe
rNeg   . . .     Conserve .     (no shield)
rPois  .         rCorr    .     b - +0 elf wizard hat
rElec  .         rRot     .     (no cloak)
SustAb . .       Spirit   .     (no gloves)
rMut   .         Warding  .     (no boots)
Saprov . . .     Stasis   .     (no amulet)
                                (no ring)
                                (no ring)

@: brilliant, not resistant to hostile enchantments, fairly stealthy
A: no striking features
a: no special abilities


You were on level 1 of the Dungeon.
You were not hungry.

You visited 1 branch of the dungeon, and saw 1 of its levels.

You collected 9 gold pieces.

Inventory:

Hand weapons
 l - a +1,+0 elven dagger (weapon)
Missiles
 i - 17 poisoned needles
Armour
 a - a +0 elven robe (worn)
 b - a +0 elven wizard hat (worn)
Comestibles
 d - a bread ration
Scrolls
 e - 2 scrolls of magic mapping {unknown}
 f - a scroll of random uselessness {unknown}
 g - 3 scrolls of identify {unknown}
 k - a scroll of enchant armour {unknown}
Potions
 h - a potion of brilliance
 j - 2 potions of resistance {unknown}
Books
 c - a book of Minor Magic

   Spells                             Type                      Level
   *Magic Dart                        Conjuration                  1
   *Blink                             Translocation                2
   Call Imp                           Summoning                    2
   Repel Missiles                     Charms/Air                   2
   Slow                               Hexes                        2
   Conjure Flame                      Conjuration/Fire             3
   Mephitic Cloud                     Conjuration/Poison/Air       3


   Skills:
 - Level 2.4 Dodging
 - Level 2.4 Stealth
 + Level 5.1 Spellcasting
 * Level 2.1 Conjurations
   Level 1.1 Summonings
 + Level 1.1 Translocations


You had 8 spell levels left.
You knew the following spells:

 Your Spells              Type           Power        Failure   Level  Hunger
a - Magic Dart            Conj           ####         1%          1    None
z - Blink                 Tloc           N/A          1%          2    None


Dungeon Overview and Level Annotations

Branches:
Dungeon (1/16)

Altars:


Message History

Your magical contamination has completely faded away.
Casting: Blink
Confirm with . or Enter, or press ? or * to list all spells.
You blink.
The centaur skeleton barely misses you.
Casting: Blink
Confirm with . or Enter, or press ? or * to list all spells.
You blink.
The centaur skeleton misses you.
The centaur skeleton completely misses you.
The centaur skeleton hits you.
* * * LOW HITPOINT WARNING * * *
The bat misses you. The bat closely misses you. The centaur skeleton hits you.
* * * LOW HITPOINT WARNING * * *
The bat misses you.
Drink which item? (? for menu, Esc to quit)
You feel clever all of a sudden.
It was a potion of brilliance.
The bat hits you but does no damage. The centaur skeleton hits you.
You die...

≈8≈%#...#######..................
≈≈≈.#...#♣♣♣♣##.........#######..
≈≈≈.##.##♣..##....PPPPP.# #..
♣≈≈..#'#♣..# #....P$$$P.# #..
♣≈♣........####.#.P$$$P## #.#
#.♣♣.....####.....P$$$P# #.#
.#♣♣♣..♣♣####.....PPPPP# #.#
.#########.##..b.......########.#
.#.............Z@................
.#.........##..........########.#
.#.........##..........# #.#
.#.......####...........# #.#
.#.......# #...........# #.#
.#.......# #...........# ...#
.#.......# ###.#.###...# ≈.#
.#.......# #.#.# ##### ≈P#
§#.......# #.#.# ≈.#


You could see a bat and a centaur skeleton.

Vanquished Creatures
  A giant gecko (D:1)
  A ball python (D:1)
  2 bats (D:1)
  A giant cockroach (D:1)
  4 goblins (D:1)
  2 hobgoblins (D:1)
  5 kobolds (D:1)
  A giant newt (D:1)
  3 rats (D:1)
20 creatures vanquished.

Notes
Turn   | Place    | Note
--------------------------------------------------------------
     0 | D:1      | Moondog, the Deep Elf Wizard, began the quest for the Orb.
     0 | D:1      | Reached XP level 1. HP: 10/10 MP: 6/6
   248 | D:1      | Reached XP level 2. HP: 15/15 MP: 8/10
   252 | D:1      | Learned a level 2 spell: Blink
   617 | D:1      | Reached skill level 5 in Spellcasting
  1015 | D:1      | Slain by a centaur skeleton

Action                   || total
-------------------------++-------
 Cast: Magic Dart        ||    51
       Blink             ||     4
  Use: Potion            ||     1
